A+ EAST
ABERDEEN IRONBIRDS @ BOWLING GREEN HOT RODS
07/06/2041
 
TOP OF THE 1ST
Aberdeen Ironbirds batting - Pitching for Bowling Green Hot Rods : LHP Greg Allen
Pitching: LHP Greg Allen
Batting: RHB Raúl Quintero 0-0: DOUBLE (Line Drive, 78M, EV 101.3 MPH)
Batting: RHB José Ortíz 0-0: DOUBLE (Flyball, 78XD, EV 93.1 MPH)
Raúl Quintero scores
Batting: RHB Terrence Steele 0-0: Ball
1-0: Called Strike
1-1: Ball
2-1: Ground out 3-1 (Groundball, 34, EV 99.4 MPH)
José Ortíz to third
Batting: RHB Ken Lynn 0-0: Swinging Strike
0-1: Called Strike
0-2: Ball
1-2: Foul Ball, location: 9LDF
1-2: Foul Ball, location: 9LSF
1-2: Strikes out looking
Batting: RHB Sébastien Le Gac 0-0: Ball
1-0: Ball
2-0: SINGLE (Groundball, 56S, EV 86.3 MPH)
José Ortíz scores
Batting: LHB Danny Bentley 0-0: Ball
1-0: Foul Ball, location: 2F
1-1: Ball
2-1: Swinging Strike
2-2: Strikes out swinging
Top of the 1st over - 2 runs, 3 hits, 0 errors, 1 left on base; Aberdeen 2 - Bowling Green 0
BOTTOM OF THE 1ST
Bowling Green Hot Rods batting - Pitching for Aberdeen Ironbirds : RHP Max Lockhart
Pitching: RHP Max Lockhart
Batting: RHB Esteban Rosas 0-0: Ball
1-0: Foul Ball, location: 23F
1-1: Ball
2-1: Ball
3-1: Called Strike
3-2: Foul Ball, location: 25F
3-2: Ground out 1-3 (Groundball, 13S, EV 75.0 MPH)
Batting: RHB B.J. Bushel 0-0: Called Strike
0-1: Foul Ball, location: 9LMF
0-2: Strikes out swinging
Batting: LHB Jerry Thomas 0-0: Swinging Strike
0-1: Foul Ball, location: 3F
0-2: Foul Ball, location: 2F
0-2: Ball
1-2: Ground out 4-3 (Groundball, 4, EV 100.6 MPH)
Bottom of the 1st over - 0 runs, 0 hits, 0 errors, 0 left on base; Aberdeen 2 - Bowling Green 0
TOP OF THE 2ND
Aberdeen Ironbirds batting - Pitching for Bowling Green Hot Rods : LHP Greg Allen
Batting: LHB Johnny Hudson 0-0: Called Strike
0-1: Called Strike
0-2: Strikes out swinging
Batting: RHB Darrel Kane 0-0: Called Strike
0-1: Foul Ball, location: 5F
0-2: Ball
1-2: Ball
2-2: Foul Ball, location: 2F
2-2: Foul Ball, location: 7LSF
2-2: Foul Ball, location: 7LSF
2-2: Foul Ball, location: 9LMF
2-2: Ball
3-2: Strikes out swinging
Batting: RHB Whit Blake 0-0: Called Strike
0-1: Ball
1-1: Foul Ball, location: 2F
1-2: Ball
2-2: Ball
3-2: Strikes out swinging
Top of the 2nd over - 0 runs, 0 hits, 0 errors, 0 left on base; Aberdeen 2 - Bowling Green 0
BOTTOM OF THE 2ND
Bowling Green Hot Rods batting - Pitching for Aberdeen Ironbirds : RHP Max Lockhart
Batting: RHB Dan O'Brien 0-0: Ball
1-0: Ball
2-0: Ball
3-0: Base on Balls
Batting: LHB Dan Jones 0-0: Foul Ball, location: 2F
0-1: Ball
1-1: Foul Ball, location: 3SF
1-2: Ball
2-2: Foul Ball, location: 2F
2-2: Ball
3-2: Base on Balls
Dan O'Brien to second
Batting: RHB David Moreno 0-0: Ball
1-0: Ball
2-0: Foul Ball, location: 9LMF
2-1: Called Strike
2-2: Ball
3-2: Foul Ball, location: 2F
3-2: Base on Balls
Dan O'Brien to third
Dan Jones to second
Batting: RHB Dan Jones 0-0: Swinging Strike
0-1: Swinging Strike
0-2: Strikes out swinging
Batting: RHB Lyndon Carrillo 0-0: Ball
1-0: Swinging Strike
1-1: Fly out, F8 (Flyball, 8RD, EV 87.5 MPH)
Runner from 3rd tags up, SCORES, throw by CF
Dan Jones to third
Batting: LHB Juan Árias 0-0: Fielders Choice at 2nd, 5-4 (Groundball, 56, EV 84.4 MPH)
Bottom of the 2nd over - 1 run, 0 hits, 0 errors, 2 left on base; Aberdeen 2 - Bowling Green 1
TOP OF THE 3RD
Aberdeen Ironbirds batting - Pitching for Bowling Green Hot Rods : LHP Greg Allen
Batting: RHB Raúl Quintero 0-0: Ball
1-0: Called Strike
1-1: Swinging Strike
1-2: Ball
2-2: Strikes out looking
Batting: RHB José Ortíz 0-0: Ball
1-0: Swinging Strike
1-1: Swinging Strike
1-2: Strikes out swinging
Batting: RHB Terrence Steele 0-0: Fly out, F9 (Flyball, 9, EV 89.4 MPH)
Top of the 3rd over - 0 runs, 0 hits, 0 errors, 0 left on base; Aberdeen 2 - Bowling Green 1
BOTTOM OF THE 3RD
Bowling Green Hot Rods batting - Pitching for Aberdeen Ironbirds : RHP Max Lockhart
Batting: RHB Esteban Rosas 0-0: Ball
1-0: Called Strike
1-1: Foul Ball, location: 2F
1-2: Ball
2-2: Foul Ball, location: 2RF
2-2: Fly out, F8 (Flyball, 8RM, EV 95.6 MPH)
Batting: RHB B.J. Bushel 0-0: Called Strike
0-1: Ball
1-1: Fly out, F9 (Flyball, 9LSF, EV 88.1 MPH)
Batting: LHB Jerry Thomas 0-0: Called Strike
0-1: TRIPLE (Line Drive, 89XD, EV 110.6 MPH)
Batting: RHB Dan O'Brien 0-0: Ball
1-0: Ball
2-0: Swinging Strike
2-1: Ball
3-1: Foul Ball, location: 2F
3-2: Foul Ball, location: 2LF
3-2: Strikes out swinging
Bottom of the 3rd over - 0 runs, 1 hit, 0 errors, 1 left on base; Aberdeen 2 - Bowling Green 1
TOP OF THE 4TH
Aberdeen Ironbirds batting - Pitching for Bowling Green Hot Rods : LHP Greg Allen
Batting: RHB Ken Lynn 0-0: Swinging Strike
0-1: Called Strike
0-2: Strikes out swinging
Batting: RHB Sébastien Le Gac 0-0: Called Strike
0-1: Fly out, F4 (Popup, 23, EV 90.0 MPH)
Batting: LHB Danny Bentley 0-0: Ball
1-0: Ball
2-0: Swinging Strike
2-1: Fly out, F8 (Flyball, 8RXD, EV 106.3 MPH)
Top of the 4th over - 0 runs, 0 hits, 0 errors, 0 left on base; Aberdeen 2 - Bowling Green 1
BOTTOM OF THE 4TH
Bowling Green Hot Rods batting - Pitching for Aberdeen Ironbirds : RHP Max Lockhart
Batting: LHB Dan Jones 0-0: Ball
1-0: Foul Ball, location: 23F
1-1: Ground out U3 (Groundball, 34, EV 88.1 MPH)
Batting: RHB David Moreno 0-0: Ball
1-0: Foul Ball, location: 2F
1-1: Ground out 5-3 (Groundball, 5S, EV 93.8 MPH)
Batting: RHB Dan Jones 0-0: Ball
1-0: Called Strike
1-1: Ball
2-1: Called Strike
2-2: Fly out, F4 (Line Drive, 4D, EV 63.1 MPH)
Bottom of the 4th over - 0 runs, 0 hits, 0 errors, 0 left on base; Aberdeen 2 - Bowling Green 1
TOP OF THE 5TH
Aberdeen Ironbirds batting - Pitching for Bowling Green Hot Rods : LHP Greg Allen
Batting: LHB Johnny Hudson 0-0: Foul Ball, location: 2F
0-1: Ball
1-1: SINGLE (Line Drive, 89S, EV 98.1 MPH)
Batting: RHB Darrel Kane 0-0: Ball
1-0: Sac Bunt to 15 - play at first, batter OUT! 1-3
Johnny Hudson to second
Batting: RHB Whit Blake 0-0: Ball
1-0: Ball
2-0: Swinging Strike
2-1: DOUBLE (Line Drive, 89M, EV 95.0 MPH)
Johnny Hudson scores
Batting: RHB Raúl Quintero 0-0: Swinging Strike
0-1: Called Strike
0-2: Ball
1-2: Foul Ball, location: 25F
1-2: Strikes out swinging
Batting: RHB José Ortíz 0-0: Swinging Strike
0-1: Ball
1-1: Foul Ball, location: 9LSF
1-2: Strikes out swinging
Top of the 5th over - 1 run, 2 hits, 0 errors, 1 left on base; Aberdeen 3 - Bowling Green 1
BOTTOM OF THE 5TH
Bowling Green Hot Rods batting - Pitching for Aberdeen Ironbirds : RHP Max Lockhart
Batting: RHB Lyndon Carrillo 0-0: Ball
1-0: Ball
2-0: Foul Ball, location: 2F
2-1: Foul Ball, location: 25F
2-2: Ball
3-2: Foul Ball, location: 2F
3-2: Foul Ball, location: 9LMF
3-2: Base on Balls
Batting: LHB Juan Árias 0-0: Bunted foul
0-1: Ball
Lyndon Carrillo is caught stealing 2nd base 2-6
1-1: Foul Ball, location: 3F
1-2: Strikes out swinging
Batting: RHB Esteban Rosas 0-0: Ball
1-0: Fly out, F6 (Popup, 4MD, EV 41.9 MPH)
Bottom of the 5th over - 0 runs, 0 hits, 0 errors, 0 left on base; Aberdeen 3 - Bowling Green 1
TOP OF THE 6TH
Aberdeen Ironbirds batting - Pitching for Bowling Green Hot Rods : LHP Greg Allen
Batting: RHB Terrence Steele 0-0: Ball
1-0: Foul Ball, location: 7LSF
1-1: Ball
2-1: Ball
3-1: Base on Balls
Pitching: RHP Sean van Biezen
Batting: RHB Ken Lynn 0-0: Called Strike
0-1: Swinging Strike
0-2: Strikes out swinging
Batting: RHB Sébastien Le Gac 0-0: Called Strike
0-1: Called Strike
0-2: Ball
1-2: Strikes out swinging
Batting: LHB Danny Bentley 0-0: Swinging Strike
0-1: Ball
1-1: Ball
2-1: Ball
3-1: Swinging Strike
3-2: Base on Balls
Terrence Steele to second
Batting: LHB Johnny Hudson 0-0: Swinging Strike
0-1: Swinging Strike
0-2: Strikes out swinging
Top of the 6th over - 0 runs, 0 hits, 0 errors, 2 left on base; Aberdeen 3 - Bowling Green 1
BOTTOM OF THE 6TH
Bowling Green Hot Rods batting - Pitching for Aberdeen Ironbirds : RHP Max Lockhart
Batting: RHB B.J. Bushel 0-0: Ball
1-0: Called Strike
1-1: Ground out 5-3 (Groundball, 5, EV 101.3 MPH)
Batting: LHB Jerry Thomas 0-0: Called Strike
0-1: Foul Ball, location: 9LSF
0-2: SINGLE (Groundball, 34D, EV 94.4 MPH)
Pitching: LHP António Peña
Batting: RHB Dan O'Brien 0-0: Foul Ball, location: 2F
0-1: Called Strike
0-2: Ball
1-2: Strikes out looking
Batting: LHB Dan Jones 0-0: Ball
1-0: Ball
2-0: Foul Ball, location: 25F
2-1: Foul Ball, location: 25F
2-2: Strikes out swinging
Bottom of the 6th over - 0 runs, 1 hit, 0 errors, 1 left on base; Aberdeen 3 - Bowling Green 1
TOP OF THE 7TH
Aberdeen Ironbirds batting - Pitching for Bowling Green Hot Rods : RHP Sean van Biezen
Batting: RHB Darrel Kane 0-0: Ground out 6-3 (Groundball, 6M, EV 80.0 MPH)
Batting: RHB Whit Blake 0-0: Called Strike
0-1: Ball
1-1: Ball
2-1: Swinging Strike
2-2: Foul Ball, location: 9LSF
2-2: Ball
3-2: Strikes out swinging
Batting: RHB Raúl Quintero 0-0: Ball
1-0: SOLO HOME RUN (Flyball, 7D, EV 100.0 MPH), Distance : 406 ft
Batting: RHB José Ortíz 0-0: Called Strike
0-1: Called Strike
0-2: Ball
1-2: Ball
2-2: Foul Ball, location: 7LSFF
2-2: Ball
3-2: Foul Ball, location: 2F
3-2: Base on Balls
Batting: RHB Terrence Steele 0-0: Ball
1-0: Ball
Balk!
José Ortíz to second
2-0: Called Strike
2-1: Foul Ball, location: 23F
2-2: Foul Ball, location: 2F
2-2: Ball
3-2: Strikes out swinging
Top of the 7th over - 1 run, 1 hit, 0 errors, 1 left on base; Aberdeen 4 - Bowling Green 1
BOTTOM OF THE 7TH
Bowling Green Hot Rods batting - Pitching for Aberdeen Ironbirds : LHP António Peña
Batting: RHB David Moreno 0-0: Foul Ball, location: 9LDF
0-1: Called Strike
0-2: Ball
1-2: Ball
2-2: Ball
3-2: Ground out 4-3 (Groundball, 4, EV 93.1 MPH)
Batting: RHB Dan Jones 0-0: Called Strike
0-1: Ball
1-1: Foul Ball, location: 9LMF
1-2: Fly out, F8 (Line Drive, 8RM, EV 92.5 MPH)
Batting: RHB Lyndon Carrillo 0-0: Called Strike
0-1: Foul Ball, location: 2F
0-2: Strikes out swinging
Bottom of the 7th over - 0 runs, 0 hits, 0 errors, 0 left on base; Aberdeen 4 - Bowling Green 1
TOP OF THE 8TH
Aberdeen Ironbirds batting - Pitching for Bowling Green Hot Rods : RHP Sean van Biezen
Batting: RHB Ken Lynn 0-0: Called Strike
0-1: Fly out, F8 (Flyball, 8RD, EV 103.8 MPH)
Batting: RHB Sébastien Le Gac 0-0: Foul Ball, location: 3F
0-1: Ball
1-1: Ball
2-1: Ball
3-1: Foul Ball, location: 9LMF
3-2: Base on Balls
Pitching: LHP Dan O'Bryan
Batting: LHB Danny Bentley 0-0: Ball
1-0: Called Strike
1-1: Ball
2-1: Foul Ball, location: 3FF
2-2: Ball
3-2: Strikes out swinging
Batting: RHB Luis Antonio Baca 0-0: Ball
1-0: Called Strike
1-1: Swinging Strike
1-2: Strikes out swinging
Top of the 8th over - 0 runs, 0 hits, 0 errors, 1 left on base; Aberdeen 4 - Bowling Green 1
BOTTOM OF THE 8TH
Bowling Green Hot Rods batting - Pitching for Aberdeen Ironbirds : LHP António Peña
Pinch Hitting: LHB Cisco Valdés 0-0: Called Strike
0-1: SOLO HOME RUN (Flyball, 89XD, EV 97.5 MPH), Distance : 396 ft
Batting: RHB Esteban Rosas 0-0: Ball
1-0: Ball
2-0: Ball
3-0: Base on Balls
Batting: RHB B.J. Bushel 0-0: Fly out, F9 (Line Drive, 9S, EV 91.9 MPH)
Batting: LHB Jerry Thomas 0-0: Called Strike
0-1: Called Strike
0-2: Foul Ball, location: 2F
0-2: Foul Ball, location: 9LMF
0-2: Strikes out swinging
Batting: RHB Dan O'Brien 0-0: Ball
1-0: Foul Ball, location: 2F
1-1: Ball
2-1: Foul Ball, location: 2F
2-2: SINGLE (Line Drive, 89M, EV 98.8 MPH)
Esteban Rosas to second
Runner from 2nd tries for 3rd, SAFE, throw by CF made to third
Batting: LHB Dan Jones 0-0: Called Strike
0-1: Ball
1-1: Swinging Strike
1-2: Strikes out swinging
Bottom of the 8th over - 1 run, 2 hits, 0 errors, 2 left on base; Aberdeen 4 - Bowling Green 2
TOP OF THE 9TH
Aberdeen Ironbirds batting - Pitching for Bowling Green Hot Rods : LHP Dan O'Bryan
Now in CF: Cisco Valdés
Batting: RHB Darrel Kane 0-0: Swinging Strike
0-1: Called Strike
0-2: Ball
1-2: Strikes out swinging
Batting: RHB Whit Blake 0-0: Called Strike
0-1: Ball
1-1: Ball
2-1: Foul Ball, location: 23F
2-2: Strikes out swinging
Batting: RHB Raúl Quintero 0-0: Ball
1-0: Ball
2-0: Ball
3-0: Called Strike
3-1: Base on Balls
Batting: RHB José Ortíz 0-0: Called Strike
0-1: Called Strike
0-2: Foul Ball, location: 3F
0-2: Ball
Raúl Quintero steals 2nd base
1-2: Strikes out swinging
Top of the 9th over - 0 runs, 0 hits, 0 errors, 1 left on base; Aberdeen 4 - Bowling Green 2
BOTTOM OF THE 9TH
Bowling Green Hot Rods batting - Pitching for Aberdeen Ironbirds : LHP António Peña
Pitching: RHP Tim Barnes
Now in LF: Héctor Meza
Batting: RHB David Moreno 0-0: Ball
1-0: Called Strike
1-1: Ball
2-1: Foul Ball, location: 2F
2-2: Foul Ball, location: 2LF
2-2: Ball
3-2: Foul Ball, location: 9LMF
3-2: Foul Ball, location: 3FF
3-2: Foul Ball, location: 9LSF
3-2: Strikes out swinging
Pinch Hitting: LHB Chris Mack 0-0: Called Strike
0-1: Ball
1-1: Ball
2-1: Swinging Strike
2-2: Ball
3-2: Base on Balls
Pinch Hitting: LHB António Hernández 0-0: Called Strike
0-1: Ball
1-1: Called Strike
1-2: Ball
2-2: Ball
3-2: Strikes out swinging
Batting: LHB Cisco Valdés 0-0: Fly out, F7 (Flyball, 78M, EV 86.3 MPH)
Bottom of the 9th over - 0 runs, 0 hits, 0 errors, 1 left on base; Aberdeen 4 - Bowling Green 2
Monday, April 1st , 2024 - OOTP Baseball 24.10 Build 82